cohdb
Replays
Latest Replays
All Replays
Popular Replays
Top Player Replays
Match Explorer
How It Works
Community
CoH3 Stats
Reddit
Sign in to upload your games and track your stats! →
Sign in with Steam
Match 41969899
Unlisted
Match 41969899
Overview
Messages
Build Orders
End
Royal Engineer Section
Construct Section Command Post
Dingo Light Scout Car
Selects Heavy Armor Battlegroup
Infantry Section
Infantry Section
Vickers Machine Gun Team
Construct Platoon Command Post
Selects Light Vehicle Withdraw and Refit
Unlock M3 Stuart Light Tanks
Light Vehicle Withdraw and Refit
M3 Stuart Light Tank
Selects UNKNOWN (202330)
Selects Engineer Detachments
ML 3-inch Mortar Team
M3 Stuart Light Tank
Construct Field Infirmary
6-pounder Anti-tank Gun Team
M3 Stuart Light Tank
Selects Forward Repair Assembly
Selects UNKNOWN (2162094)
Selects UNKNOWN (202330)
Selects Recon Artillery
M3 Stuart Light Tank
6-pounder Anti-tank Gun Team
M3 Stuart Light Tank
Theodosios
HulkSMASH
0
0
Comments
sign in to comment!
No comments posted yet!